Unix NetHack Version 3.7.0-53 Work-in-progress - last build Apr 18 2022 03:42:42 (02b85442fffe0e2954e411e09df771b56fe27bbc,branch:master). Game began 2022-04-23 17:29:55, ended 2022-04-23 21:33:03. Anerag, chaotic female elven Priestess ---- .....## ----------- |..<| # |.........| --+-- ####-..q...(..| |.....@...| ------.---- # # # ) ---T--- |.o%..| -\....| |...(.| ----.-- Anerag the Priestess St:18/01 Dx:17 Co:16 In:11 Wi:20 Ch:11 Chaotic Dlvl:23 $:0 HP:0(80) Pw:177(177) AC:-14 Exp:12 T:22807 Latest messages: You hit the orc-captain! The orc-captain misses! The orc-captain misses! The ogre queen wakes up! P - an uncursed scroll of teleportation. You kill the orc-captain! What do you want to use or apply? [beilmsxG or ?*] b You put an uncursed scroll of teleportation into the bag of holding. The ogre queen wields an uncursed mace! You see here an uncursed hobgoblin corpse. The ogre queen strikes at thin air! You hit the ice troll! The ice troll turns to flee. You hit the ice troll! The hill orc wakes up! The hill orc misses! The ice troll drinks an uncursed potion of healing! The ice troll looks better. You hit the ice troll! The hill orc misses! You hit the troll! The troll misses! The troll misses! The troll bites! The hill orc wakes up! The hill orc misses! The ogre queen swings her mace. The ogre queen hits! The ogre queen swings her mace. The ogre queen misses! There is a doorway here. There are several objects here. The hill orc swings wildly and misses! The ice troll opens a door. The Olog-hai wakes up! The Olog-hai zaps a wand of death! The death ray whizzes by you! The death ray bounces! You see here a blessed arrow. The Olog-hai zaps a wand of death! The troll is killed by the death ray! The ogre queen is killed by the death ray! The hill orc picks up an uncursed club. The Olog-hai zaps a wand of death! The hill orc is killed by the death ray! The death ray whizzes by you! The Olog-hai zaps a wand of death! The death ray hits you! Do you want your possessions identified? [ynq] (y) y Do you want to see your attributes? [ynq] (y) q Major events: Turn 1: Anerag the chaotic elven Priestess entered the dungeon 548: entered the Gnomish Mines 551: attained the rank of Acolyte (level 3) 2897: attained the rank of Adept (level 6) 3644: reached Mine Town 4103: read a Discworld novel 4407: bestowed with Sting by Offler 9818: entered Sokoban 10307: completed sokoban 1 10933: attained the rank of Priestess (level 10) 10990: completed sokoban 2 11372: completed sokoban 3 12609: completed sokoban 4 13444: acquired the Sokoban bag of holding 18397: acquired the Mines' End luckstone 18743: bestowed with Werebane by Offler 19923: entered the Bigroom 22807: killed by a death ray Inventory: Amulets g - a blessed amulet of ESP (being worn) Weapons a - a blessed greased rustproof +6 aklys (tethered weapon in hand) A - a blessed +1 mace (alternate weapon; not wielded) Armor n - a blessed +1 elven leather helm (being worn) c - an uncursed +0 pair of leather gloves (being worn) t - a blessed fireproof +2 pair of speed boots (being worn) o - a blessed +2 elven shield (being worn) M - an uncursed fireproof +1 cloak of displacement (being worn) p - an uncursed +0 dwarvish mithril-coat (being worn) Rings C - an uncursed +1 ring of gain strength (on left hand) D - an uncursed ring of slow digestion (on right hand) Wands e - an uncursed wand of cancellation (0:5) G - an uncursed wand of lightning (0:2) Tools b - a blessed greased bag of holding containing 84 items i - an uncursed wooden flute l - a blessed oil lamp m - an uncursed skeleton key named -shock s - an uncursed stethoscope x - a blessed +0 unicorn horn Gems/Stones O - a blessed luckstone Contents of the bag of holding: 9067 gold pieces a blessed amulet of flying an uncursed +0 mummy wrapping a blessed burnt +3 robe 2 uncursed smoked salmons 10 uncursed C-rations 2 uncursed candy bars labeled "Moon Crunchy" 2 uncursed carrots an uncursed cream pie 4 uncursed food rations 7 uncursed K-rations an uncursed lembas wafer 10 uncursed lumps of royal jelly an uncursed pancake 7 uncursed sprigs of wolfsbane 2 uncursed tins of ice troll meat 2 uncursed tins of spinach 3 uncursed lizard corpses an uncursed scroll of amnesia 3 blessed scrolls of blank paper 16 uncursed scrolls of blank paper a cursed scroll of blank paper 2 uncursed scrolls of charging a cursed scroll of confuse monster an uncursed scroll of destroy armor a blessed scroll of earth an uncursed scroll of earth a cursed scroll of earth 2 blessed scrolls of enchant armor 2 uncursed scrolls of enchant armor 2 uncursed scrolls of enchant weapon a cursed scroll of enchant weapon 2 cursed scrolls of gold detection 5 blessed scrolls of identify 3 uncursed scrolls of identify 2 blessed scrolls of remove curse 2 uncursed scrolls of scare monster 7 uncursed scrolls of teleportation 2 cursed scrolls of teleportation an uncursed spellbook of force bolt an uncursed potion of confusion an uncursed potion of enlightenment 3 uncursed potions of extra healing 2 uncursed potions of full healing an uncursed potion of gain energy an uncursed potion of gain level an uncursed potion of hallucination an uncursed potion of oil a blessed potion of restore ability an uncursed potion of restore ability an uncursed potion of sleeping 28 potions of holy water 6 uncursed potions of water an uncursed ring of conflict a blessed +1 ring of increase damage an uncursed ring of levitation an uncursed ring of teleport control an uncursed ring of warning an uncursed wand of create monster (0:10) an uncursed wand of death (0:4) an uncursed wand of digging (0:8) an uncursed wand of digging (0:6) an uncursed wand of digging (0:5) an uncursed wand of digging (0:5) an uncursed wand of fire (0:6) an uncursed wand of lightning (0:5) an uncursed wand of lightning (0:4) an uncursed wand of lightning (0:3) an uncursed wand of magic missile (0:8) an uncursed wand of magic missile (0:6) a cursed wand of secret door detection (0:9) an uncursed wand of striking (0:5) an uncursed wand of striking (0:4) an uncursed wand of teleportation (0:4) an uncursed can of grease (0:5) an uncursed magic marker (0:85) an uncursed magic marker (0:44) an uncursed magic whistle a blessed oil lamp an uncursed oil lamp an uncursed oil lamp an uncursed tin opener an uncursed topaz stone an uncursed luckstone Anerag the Priestess's attributes: Background: You were a Priestess, level 12 elf. You were chaotic, on a mission for Offler who was opposed by Blind Io (lawful) and The Lady (neutral). You were in the Dungeons of Doom, on level 23. You entered the dungeon 22807 turns ago. You had 27269 experience points, 12731 more were needed to attain level 13. Basics: You had 0 out of 80 hit points. You had all 177 energy points (spell power). Your armor class was -14. Your wallet was empty. Autopickup was on for '$' plus thrown. Final Characteristics: Your strength was 18/01 (base:18, innate limit:18). Your dexterity was 17 (limit:18). Your constitution was 16 (limit:16). Your intelligence was 11 (limit:20). Your wisdom was 20 (limit:20). Your charisma was 11 (limit:18). Final Status: You were not hungry. You were unencumbered. You were wielding a club. You had expert skill with club. Final Attributes: You were piously aligned. You were fire resistant. You were cold resistant. You were sleep resistant. You were poison resistant. You saw invisible. You were telepathic. You had infravision. You were invisible to others. You were displaced. You had slower digestion. You had a moderate defense bonus (+6). You were guarded. You were very fast. You were extremely lucky. You had extra luck. Good luck did not time out for you. You are dead. Miscellaneous: You disabled loading of bones levels. Total elapsed playing time was 4 hours, 3 minutes and 8 seconds. Vanquished creatures: a clay golem a lieutenant a ghost a queen bee 3 giant mimics a zruty 4 ogre tyrants an umber hulk a flesh golem 5 large mimics 2 wumpuses 2 couatls 3 stalkers an air elemental a fire elemental 2 water elementals a xorn a giant zombie 4 sergeants a water demon 8 wargs a winter wolf 2 small mimics 3 warhorses 4 xans an ettin mummy an ogre leader 3 quantum mechanics 5 trolls 2 sasquatches 4 gelatinous cubes a large dog a freezing sphere 2 flaming spheres 4 large cats 2 gargoyles a dwarf ruler 4 tengu a leocrotta 3 energy vortices a stone giant an elf mummy a red naga 2 pythons a cobra 3 wraiths 2 carnivorous apes an ettin zombie 2 leather golems 8 soldiers 2 amorous demons 4 chameleons 4 giant beetles a cockatrice 4 wolves 5 winter wolf cubs a lynx 86 leprechauns 3 orc-captains 3 iron piercers 2 mumakil 5 giant spiders 5 scorpions a horse 4 black lights 3 vampire bats a forest centaur 2 gnome rulers an orc mummy a dwarf mummy 3 brown puddings 2 rust monsters 4 owlbears 4 yetis 2 gold golems a Green-elf a piranha 7 lizards 2 dingoes 3 jaguars 5 blue jellies a white unicorn 3 dust vortices 3 ravens a plains centaur 2 gnome mummies 4 snakes 11 water moccasins 7 apes a human zombie a Woodland-elf 2 soldier ants 2 fire ants 10 bugbears 4 wood nymphs 9 water nymphs 3 mountain nymphs 7 Mordor orcs 2 orc shamans 9 rock piercers a rock mole 3 fog clouds 5 yellow lights a shrieker 5 violet fungi 16 gnome leaders 8 gnomish wizards 2 kobold mummies a red naga hatchling a gray ooze a barrow wight 5 elf zombies 2 ghouls 3 paper golems 17 giant ants a little dog 7 floating eyes 5 kittens 23 dwarves a kobold leader 2 kobold shamans 17 hill orcs 28 rothes 2 rabid rats 2 centipedes 2 giant bats 3 monkeys 5 orc zombies 2 dwarf zombies 3 wererats a werejackal 10 iguanas 42 killer bees 2 acid blobs 5 gas spores 10 hobbits 12 manes a large kobold 9 hobgoblins 4 giant rats 10 cave spiders 3 brown molds 2 yellow molds 3 red molds 80 gnomes 4 garter snakes 4 gnome zombies 9 geckos 21 jackals 4 foxes a kobold 6 goblins 4 sewer rats 10 grid bugs 4 bats 9 lichens a kobold zombie 13 newts 824 creatures vanquished. No species were genocided or became extinct. Voluntary challenges: You read items or engraved 52 times. You never engraved Elbereth. You never genocided any monsters. You never polymorphed an object. You never changed form. You used no wishes. You did not violate any of the special Sokoban rules. Achievements: You entered a shop. You entered the Gnomish Mines. You attained the rank of Acolyte. You attained the rank of Adept. You entered Minetown. You entered a temple. You read from a Discworld novel. You entered Sokoban. You attained the rank of Priestess. You completed Sokoban. You completed the Gnomish Mines. You entered the Big Room. The Dungeons of Doom: levels 1 to 23 Level 1: Level 2: A general store. Stairs down to The Gnomish Mines. Level 3: An altar to Offler, some fountains. Level 4: Level 5: Some fountains. Level 6: Level 7: Many fountains. Level 8: Many fountains. Oracle of Delphi. Level 9: An altar to Offler. Stairs up to Sokoban, level 8. Level 10: A potion shop, some fountains, a sink. Level 11: An altar, a fountain. Level 12: Some fountains, many trees. A very big room. Level 13: An altar to Offler. Level 14: A fountain, a grave. Summoned by the Arch Priest. Portal to The Quest. Level 15: A fountain. Level 16: A primitive area. Level 17: A grave. Level 18: A scroll shop, an altar. Level 19: A fountain. Level 20: "TITAN" A throne, a sink. Level 21: An altar. Level 22: Level 23: <- You were here. A throne. Final resting place for you, killed by a death ray. The Gnomish Mines: levels 3 to 11 Level 3: Level 4: Level 5: Many shops, a temple to Offler, a fountain. Level 6: Level 7: Level 8: Level 9: Level 10: Level 11: A fountain. The Quest: Level 1: Many trees. Home. Sokoban: levels 8 up to 5 Level 5: Solved. Level 6: Solved. Level 7: Solved. Level 8: "stash" Solved. Game over: ---------- / \ / REST \ / IN \ / PEACE \ / \ | Anerag | | 9067 Au | | killed by a | | death ray | | | | | | 2022 | *| * * * | * _________)/\\_//(\/(/\)/\//\/|_)_______ Goodbye Anerag the Priestess... You died in The Dungeons of Doom on dungeon level 23 with 121387 points, and 9067 pieces of gold, after 22807 moves. You were level 12 with a maximum of 80 hit points when you died.